 Dungeon Crawl Stone Soup version 0.32-a0-918-g0f22ef8d61 (webtiles) character file.

Game seed: 16743898794239552045

11718 Alarak the Carver (level 11, -33/72 HPs)
             Began as a Coglin Gladiator on Apr 11, 2024.
             Annihilated by a titanic slime creature (79 damage)
             ... on level 12 of the Dungeon.
             The game lasted 00:20:37 (9800 turns).

Alarak the Carver (Coglin Gladiator)                Turns: 9800, Time: 00:20:46

Health: -33/72     AC: 17    Str: 16    XL:     11   Next: 82%
Magic:  11/11      EV:  8    Int:  3    God:
Gold:   1180       SH:  0    Dex: 23    Spells: 10/10 levels left

rFire   . . .        j - +11 scimitar of Luotwum {freeze, Int-4 Dex+4}
rCold   . . .        g - +2 demon blade (vamp) {Jia}
rNeg    . . .        x - +0 plate armour
rPois   .            c - +1 helmet
rElec   .            k - scarf {shadows}
rCorr   .            (no gloves)
SInv    .            u - +0 pair of boots
Will    .....        (amulet unavailable) Stlth
                     (ring unavailable)
HPRegen 0.32/turn    (ring unavailable)
MPRegen 0.12/turn    (no gizmo)

%: no passive effects
@: revved
A: off-hand wielding, slow wielding, warmup strikes, no jewellery
a: Invent Gizmo


You were on level 12 of the Dungeon.
You visited 1 branch of the dungeon, and saw 12 of its levels.
You also visited: Ossuary.

You collected 1180 gold pieces.

Inventory:

Hand Weapons
 g - a +2 vampiric demon blade (offhand) {Jia}
 j - the +11 scimitar of Luotwum (weapon) {freeze, Int-4 Dex+4}
   (You acquired it on level 1 of the Dungeon)

   Int-4:     It affects your intelligence (-4).
   Dex+4:     It affects your dexterity (+4).
 y - a +6 scimitar of freezing {Agathoclea}
Missiles
 d - 2 throwing nets (quivered)
 e - 6 javelins
Armour
 c - a +1 helmet (worn)
 k - a scarf of shadows (worn)
 u - a +0 pair of boots (worn)
 x - a +0 plate armour (worn)
Wands
 f - a wand of polymorph (6)
 A - a wand of flame (18)
 F - a wand of acid (4)
 I - a wand of iceblast (12)
Scrolls
 a - a scroll of amnesia
 i - 4 scrolls of vulnerability
 m - 3 scrolls of noise
 p - 4 scrolls of poison
 q - 6 scrolls of teleportation
 D - a scroll of immolation
 E - a scroll of fear
 J - a scroll of enchant armour
Potions
 h - 5 potions of might
 l - a potion of invisibility
 n - 2 potions of attraction
 o - 2 potions of lignification
 r - 2 potions of resistance
 s - 2 potions of mutation
 t - 6 potions of ambrosia
 v - a potion of degeneration
 w - 2 potions of heal wounds
 z - a potion of cancellation
 B - a potion of berserk rage
 C - 3 potions of haste
 H - 4 potions of curing


   Skills:
 - Level 2.0 Fighting
 - Level 14.2 Long Blades
 - Level 1.7 Throwing
 - Level 8.0 Armour
 + Level 8.0 Dodging


You had 10 spell levels left.
You didn't know any spells.
Your spell library contained the following spells:

 Spells                   Type           Power      Damage    Failure   Level
 Apportation              Tloc           0%         N/A       100%        1
 Magic Dart               Conj           0%         1d3       100%        1
 Necrotise                Necr           0%         1d4       100%        1
 Sandblast                Erth           0%         2d4       100%        1
 Sting                    Conj/Alch      0%         1d3       100%        1
 Summon Small Mammal      Summ           0%         N/A       100%        1
 Searing Ray              Conj           0%         2d4       100%        2
 Call Canine Familiar     Summ           0%         N/A       100%        3
 Stone Arrow              Conj/Erth      0%         3d7       100%        3
 Animate Dead             Necr           0%         N/A       100%        4
 Brom's Barrelling Bould  Conj/Erth      0%         2d3       100%        4
 Fulminant Prism          Conj/Alch      0%         3d5       100%        4
 Leda's Liquefaction      Alch/Erth      0%         N/A       100%        4
 Summon Blazeheart Golem  Fire/Summ      0%         N/A       100%        4
 Lee's Rapid Deconstruct  Erth           0%         3d4*      100%        5
 Permafrost Eruption      Ice/Erth       0%         2x4d1     100%        6
 Haunt                    Necr/Summ      0%         N/A       100%        7
 Infestation              Necr           0%         N/A       100%        8


Dungeon Overview and Level Annotations

Branches:
Dungeon (12/15)            Temple (0/1) D:6            Lair (0/5) D:11
    Orc (0/2) D:9         Ossuary (visited)

Altars:
Cheibriados
Elyvilon
Fedhas
Kikubaaqudgha
Makhleb
Nemelex Xobeh
Sif Muna
Uskayaw
Vehumet
Wu Jian
Xom
Zin
The Shining One

Shops:
D:8 [?*   D:9 !!(*(

Annotations:
D:8 3 runed translucent doors, Domino's ghost, novice MDFi
D:11 1 runed translucent door, Hans's ghost, journeyman MfSh


Innate Abilities, Weirdness & Mutations

You can wield a second weapon in your off-hand.
It takes a long time for you to wield or remove held weapons.
Your first few attacks do less damage.
You cannot equip rings or amulets.


Message History

Found a glowing short sword.
The slime creature quivers.
The very large slime creature hits you!!!
Ouch! That really hurt!
Two slime creatures merge to form an enormous slime creature.
You are too injured to fight recklessly!
You are too injured to fight recklessly!
Unknown command.
You are too injured to fight recklessly!
You slash the enormous slime creature with your +2 vampiric demon blade!
You feel better.
The enormous slime creature is lightly wounded.
You slice the enormous slime creature with the +11 scimitar of Luotwum!!
You freeze the enormous slime creature!
You slice the enormous slime creature with the +11 scimitar of Luotwum!!
You freeze the enormous slime creature.
The enormous slime creature is moderately wounded.
You slash the enormous slime creature with your +2 vampiric demon blade!
You feel better.
You slash the enormous slime creature with your +2 vampiric demon blade!
The enormous slime creature is moderately wounded.
You slice the enormous slime creature with the +11 scimitar of Luotwum!!
You freeze the enormous slime creature.
Two slime creatures merge to form a titanic slime creature.
You hit the titanic slime creature with your +2 vampiric demon blade.
You feel better.
The titanic slime creature is moderately wounded.
You slash the titanic slime creature with the +11 scimitar of Luotwum!
You freeze the titanic slime creature.
You barely miss the titanic slime creature with your +2 vampiric demon blade.
The titanic slime creature is moderately wounded.
You slash the titanic slime creature with the +11 scimitar of Luotwum!
You freeze the titanic slime creature.
You slash the titanic slime creature with the +11 scimitar of Luotwum!
You freeze the titanic slime creature.
The titanic slime creature is heavily wounded.
You slice the titanic slime creature with your +2 vampiric demon blade!!
The titanic slime creature hits you!!!!
Ouch! That really hurt!
You die...

#####.#.) ####
###.@JuJ...
#...
#..########
####.# #.##
###....# #.#
#..##..## ##.#
#..###..#
##[.########
#.## ##..
##..........#
#.# ##.
#.......##..##
#.## ##
#..##...##...#
#..#


You could see a white ugly thing, a titanic slime creature and a slime creature.

Vanquished Creatures
  2 two-headed ogres
  The ghost of Nilihum the Thaumaturge, a journeyman DEAl of Vehumet (D:10)
  Pikel (D:8)
  An ugly thing (D:12)
  Joseph (D:8)
  A gargoyle (D:12)
  4 unseen horrors
  A komodo dragon (D:11)
  A queen bee (D:10)
  2 trolls
  Sigmund (D:2)
  2 yaks
  A vampire (D:10)
  2 wyverns
  2 wraiths
  Edmund (D:5)
  A water moccasin (D:7)
  4 orc warriors
  2 sky beasts (D:7)
  4 ice beasts
  2 black bears
  11 centaurs
  6 kobold brigands
  3 lemures (D:8)
  A phantom (D:7)
  2 elf zombies (Ossuary)
  6 bullfrogs
  A gnoll sergeant (D:11)
  3 scorpions
  6 wights
  11 killer bees
  A bombardier beetle (D:5)
  A crimson imp (D:9)
  4 jellies
  3 human zombies (Ossuary)
  2 centaur zombies (Ossuary)
  5 hounds
  An orc priest (D:7)
  A gnoll bouda (D:7)
  2 iguanas (D:5)
  4 orc wizards
  2 sleepcaps
  4 hound zombies (Ossuary)
  2 mummies (Ossuary)
  3 adders
  7 gnolls
  2 shadow imps
  3 white imps (D:7)
  8 ufetubi
  3 adder zombies (Ossuary)
  4 dart slugs
  3 ribbon worms
  15 orcs
  5 ball pythons
  6 endoplasms
  A giant cockroach (D:1)
  2 goblins
  3 hobgoblins
  2 jackals (D:2)
  2 quokkas
  A bat (D:1)
  4 frilled lizards
  6 gnoll zombies (Ossuary)
  9 jackal zombies (Ossuary)
  31 kobolds
  3 kobold zombies (Ossuary)
  5 orc zombies (Ossuary)
  4 rats
251 creatures vanquished.

Notes
Turn   | Place    | Note
-------+----------+-------------------------------------------
     0 | D:1      | Alarak the Coglin Gladiator began the quest for the Orb.
     0 | D:1      | Reached XP level 1. HP: 16/16 MP: 1/1
   159 | D:1      | Reached XP level 2. HP: 22/22 MP: 2/2
   587 | D:2      | Identified a scroll of acquirement
   591 | D:2      | Acquired a +1 demon blade of draining
   636 | D:2      | Reached skill level 4 in Long Blades
   773 | D:2      | Reached XP level 3. HP: 27/27 MP: 3/3
   975 | D:2      | Noticed Sigmund
  1052 | D:1      | Acquired the +11 scimitar of Luotwum {freeze, Int-4 Dex+4}
  1082 | D:2      | Killed Sigmund
  1083 | D:2      | Reached skill level 6 in Long Blades
  1083 | D:2      | Reached XP level 4. HP: 24/33 MP: 4/4
  1083 | D:2      | Reached XP level 5. HP: 27/38 MP: 5/5
  1273 | D:2      | Found a faded altar of an unknown god.
  2096 | D:4      | Found a sparkling altar of Nemelex Xobeh.
  2189 | D:4      | Noticed a two-headed ogre
  2194 | D:4      | Killed a two-headed ogre
  2195 | D:4      | Reached skill level 9 in Long Blades
  2195 | D:4      | Reached XP level 6. HP: 4/44 MP: 6/6
  2195 | D:4      | Reached XP level 7. HP: 5/50 MP: 7/7
  2692 | D:5      | Entered Level 5 of the Dungeon
  2694 | D:5      | Reached XP level 8. HP: 56/56 MP: 8/8
  2749 | D:5      | Found a sand-covered staircase.
  2757 | Ossuary  | Entered an ossuary
  2772 | Ossuary  | Reached skill level 10 in Long Blades
  3114 | D:5      | Reached skill level 11 in Long Blades
  3417 | D:5      | Reached XP level 9. HP: 61/61 MP: 9/9
  3421 | D:5      | Found a shimmering blue altar of Sif Muna.
  3653 | D:5      | Noticed Edmund
  3660 | D:5      | Killed Edmund
  3717 | D:6      | Reached skill level 12 in Long Blades
  3875 | D:6      | Found a staircase to the Ecumenical Temple.
  4314 | D:6      | Identified the ring "Kiyrit" {rPois Will+}
  4454 | D:7      | Reached skill level 13 in Long Blades
  4959 | D:7      | Reached XP level 10. HP: 57/67 MP: 10/10
  4962 | D:7      | Reached skill level 14 in Long Blades
  5053 | D:7      | Reached skill level 1 in Armour
  5453 | D:8      | Found a white marble altar of Elyvilon.
  5453 | D:8      | Found a glowing silver altar of Zin.
  5453 | D:8      | Found a glowing golden altar of the Shining One.
  5609 | D:8      | Noticed Pikel
  5617 | D:8      | Killed Pikel
  5618 | D:8      | Reached skill level 5 in Armour
  5618 | D:8      | Noticed Joseph
  5625 | D:8      | Killed Joseph
  5992 | D:8      | Found Buleyh's Armour Shoppe.
  6043 | D:8      | Found an ancient bone altar of Kikubaaqudgha.
  6044 | D:8      | Found a blossoming altar of Fedhas.
  6045 | D:8      | Found a snail-covered altar of Cheibriados.
  6045 | D:8      | Found an ornate altar of the Wu Jian Council.
  6066 | D:8      | Found a runed translucent gate.
  6066 | D:8      | Found a runed translucent gate.
  6066 | D:8      | Found a runed translucent gate.
  6073 | D:8      | Found Pinohi Uriu's Magic Scroll Emporium.
  6087 | D:8      | Noticed Domino's ghost (novice MDFi)
  6118 | D:8      | Found Niamujas's Assorted Antiques.
  6363 | D:9      | Found a burning altar of Makhleb.
  6363 | D:9      | Found a radiant altar of Vehumet.
  6408 | D:9      | Found Zissaifipt's Weapon Shop.
  6422 | D:9      | Found Ovim's General Store.
  6525 | D:9      | Found Sutipnuth's Distillery.
  7140 | D:9      | Found a staircase to the Orcish Mines.
  7205 | D:9      | Found Reoprawi's Distillery.
  7571 | D:9      | Found Nyichaxto's Weapon Boutique.
  7631 | D:10     | Entered Level 10 of the Dungeon
  7730 | D:10     | Reached XP level 11. HP: 72/72 MP: 11/11
  7791 | D:10     | Noticed Nilihum's ghost (journeyman DEAl)
  7795 | D:10     | Found a transporter.
  7798 | D:10     | Found a transporter.
  8192 | D:10     | Killed Nilihum's ghost
  8631 | D:11     | Reached skill level 5 in Dodging
  8758 | D:11     | Found a hide-covered altar of Uskayaw.
  8760 | D:11     | Noticed a +0 dagger
  8760 | D:11     | Noticed a +0 hand axe
  9065 | D:11     | Found a runed translucent door.
  9068 | D:11     | Found a shimmering altar of Xom.
  9068 | D:11     | Noticed Hans's ghost (journeyman MfSh)
  9069 | D:11     | Noticed a +1 mace of chaos
  9115 | D:11     | Found a staircase to the Lair.
  9633 | D:12     | Noticed a two-headed ogre
  9639 | D:12     | Killed a two-headed ogre
  9688 | D:12     | Noticed a green ugly thing
  9694 | D:12     | Killed a green ugly thing
  9743 | D:12     | Found an ancient bone altar of Kikubaaqudgha.
  9793 | D:12     | Noticed a white ugly thing
  9800 | D:12     | Annihilated by a titanic slime creature

Illustrated notes

Levels and vault maps discovered:
D:1:      saegor_arrival_simple_e, layout_rooms
D:2:      layout_loops_cross, hellmonk_ecumenical_altar_inner_sanctum,
          uniq_sigmund
D:3:      layout_rooms
D:4:      layout_cave_pools, nemelex_spade_bored_becter, corexii_hall_statues_i,
          minmay_small_thing
D:5:      layout_basic, mainiacjoe_overflow_brackets,
          mainiacjoe_ossuary_entry_dusty_tomb, uniq_edmund
D:6:      layout_basic, minmay_temple_entry_from_below_a, minmay_strange_pillars
D:7:      minmay_polygon_palace, layout_cave_pools
D:8:      layout_gridville, dreamdust_divine_triumvirate,
          chequers_temple_overflow_statue_of_worship, ebering_ghost_rock_garden,
          serial_shops, shop, nicolae_shop_behind_doors, shop,
          minmay_misc_feat_alley, grunt_decor_mini_mirrors, uniq_pikel,
          uniq_joseph
D:9:      layout_stronghold, grunt_temple_overflow_lords_of_destruction,
          david_orc_2, serial_shops, nicolae_shop_pleasant_corner_grove, shop,
          shop, nicolae_lakefront_shop, nicolae_shop_trees, fountainhead
D:10:     layout_basic, gammafunk_ghost_hive
D:11:     layout_irregular_city, lair_entry_dummy, ebering_ghost_xom,
          hangedman_decor_clover_reticule, st_stairs_14, kennysheep_flooded_box,
          dancing_weapons_uskayaw
D:12:     layout_layer_cave, nicolae_kikubaaqudgha_miasma_corner

Skill      XL: |  1  2  3  4  5  6  7  8  9 10 11 |
---------------+----------------------------------+-----
Long Blades    | 4 6 9 11 13 14 | 14.2
Armour         | 7 8 |  8.0
Dodging        | 8 |  8.0
Fighting       | |  2.0
Throwing       | |  1.7

Action                     |  1- 3 |  4- 6 |  7- 9 | 10-12 || total
---------------------------+-------+-------+-------+-------++-------
  Melee: Dagger            |    25 |       |       |       ||    25
         Long sword        |    38 |       |       |       ||    38
         Demon blade       |    10 |    11 |   111 |    51 ||   183
         Scimitar          |     2 |    14 |   162 |   272 ||   450
  Throw: Throwing net      |     3 |       |       |       ||     3
    Use: Scroll            |     7 |     7 |     5 |    11 ||    30
         Potion            |       |       |       |     2 ||     2
   Stab: Held in net/web   |     2 |       |       |       ||     2
         Sleeping          |       |     1 |       |       ||     1
 Armour: Leather armour    |    25 |     9 |     5 |       ||    39
         Chain mail        |       |       |    49 |       ||    49
         Plate armour      |       |       |    59 |   216 ||   275
  Dodge: Dodged            |    25 |    10 |    37 |    57 ||   129

Table legend: (Time is in decaauts)
 A = Elapsed time spent in this place.
 B = Non-inter-level travel time spent in this place.
 C = Inter-level travel time spent in this place.
 D = Time resting spent in this place.
 E = Time spent auto-exploring this place.
 F = Levels seen in this place.
 G = Mean time per level.
                   A        B        C        D        E       F      G
               +--------+--------+--------+--------+--------+-----+--------+
         Total |   9720 |   9204 |    516 |    847 |   7119 |  13 |  747.7 |
       Dungeon |   9492 |   8976 |    516 |    847 |   6993 |  12 |  791.0 |
       Ossuary |    228 |    228 |      0 |      0 |    126 |   1 |  228.0 |
               +--------+--------+--------+--------+--------+-----+--------+

Top non-repeatable levels by time:
     D:9: 1314 daAuts
    D:11: 1137 daAuts
     D:8: 982 daAuts
     D:2: 868 daAuts
     D:7: 864 daAuts
    D:10: 820 daAuts
     D:4: 813 daAuts
     D:5: 763 daAuts
     D:6: 729 daAuts
     D:1: 610 daAuts
     D:3: 404 daAuts
 Ossuary: 228 daAuts
    D:12: 183 daAuts
